 Dungeon Crawl Stone Soup version 0.22-a0-40-g3d2f077 (webtiles) character file.

775 tidbits the Grave Robber (level 7, -2/51 HPs)
             Began as a Gnoll Necromancer on Jan 4, 2018.
             Shot with an arrow by a centaur (13 damage)
             ... on level 5 of the Dungeon.
             The game lasted 00:11:27 (1328 turns).

tidbits the Grave Robber (Gnoll Necromancer)        Turns: 1328, Time: 00:11:28

Health: -2/51      AC:  2    Str: 13    XL:     7   Next: 84%
Magic:  8/15       EV: 15    Int: 19    God:
Gold:   160        SH:  5    Dex: 16    Spells: 9/17 levels left

rFire    . . .     SeeInvis .   d - +12 dagger "Usaba" {freeze, Str+3}
rCold    . . .     Gourm    .   D - +0 buckler
rNeg     . . .     Faith    .   q - +0 robe
rPois    .         Spirit   .   (no helmet)
rElec    .         Reflect  .   (no cloak)
rCorr    .         Harm     .   (no gloves)
MR       .....                  (no boots)
Stlth    +++.......             (no amulet)
HPRegen  0.17/turn              (no ring)
MPRegen  0.14/turn              (no ring)

@: no status effects
A: distributed training, fangs 1, strong nose
a: no special abilities


You were on level 5 of the Dungeon.
You were not hungry.

You visited 1 branch of the dungeon, and saw 6 of its levels.

You collected 160 gold pieces.

Inventory:

Hand Weapons
 a - a +0 long sword
 d - the +12 dagger "Usaba" (weapon) {freeze, Str+3}
   (You found it on level 6 of the Dungeon)

   It has been specially enchanted to freeze those struck by it, causing extra
   injury to most foes and up to half again as much damage against particularly
   susceptible opponents.
   It can also slow down cold-blooded creatures.
   It affects your strength (+3).
 e - a +0 club
 g - a +0 blowgun
 o - a +0 scythe
 p - a +0 shortbow
 J - a +0 dagger
Missiles
 f - 66 stones (quivered)
 i - 7 curare-tipped needles
 v - 18 bolts
 x - 45 sling bullets
 F - 19 arrows
 H - 2 tomahawks
Armour
 l - a +0 ring mail
 q - a +0 robe (worn)
 r - a +0 chain mail of fire resistance
   (You took it off Ijyb on level 3 of the Dungeon)
 y - a +1 scale mail of magic resistance
   (You found it on level 3 of the Dungeon)
 D - a +0 buckler (worn)
Wands
 s - a wand of acid (3)
 A - a wand of enslavement (7)
 G - a wand of iceblast (12)
Scrolls
 h - a scroll of blinking {unknown}
 k - a scroll of amnesia
 n - 3 scrolls of remove curse {unknown}
 z - a scroll of fog
 C - a scroll of immolation {unknown}
Potions
 j - 2 potions of might {unknown}
 m - 2 potions of mutation {unknown}
 t - a potion of brilliance {unknown}
 u - 3 potions of curing
 w - a potion of haste
 E - a potion of degeneration {unknown}
 I - a potion of lignification {unknown}
Books
 b - a book of Necromancy

   Spells                             Type                      Level
   a - Pain                           Necromancy                   1
   b - Animate Skeleton               Necromancy                   1
   c - Vampiric Draining              Necromancy                   3
   d - Regeneration                   Charms/Necromancy            3
   e - Animate Dead                   Necromancy                   4
   f - Borgnjor's Vile Clutch         Necromancy/Earth             5
 B - a book of Misfortune
   (You found it on level 4 of the Dungeon)

   Spells                             Type                      Level
   a - Confusing Touch                Hexes                        1
   b - Confuse                        Hexes                        3
   c - Gell's Gravitas                Translocation                3
   d - Petrify                        Transmutation/Earth          4
   e - Metabolic Englaciation         Hexes/Ice                    5
   f - Yara's Violent Unravelling     Hexes/Transmutation          5
Comestibles
 c - 4 rations


   Skills:
 + Level 2.7 Fighting
 + Level 2.7 Short Blades
 + Level 2.7 Long Blades
 + Level 2.7 Axes
 + Level 2.7 Maces & Flails
 + Level 2.7 Polearms
 + Level 2.7 Staves
 + Level 2.7 Slings
 + Level 2.7 Bows
 + Level 2.7 Crossbows
 + Level 2.7 Throwing
 + Level 2.7 Armour
 + Level 5.3 Dodging
 + Level 5.0 Stealth
 + Level 2.7 Shields
 + Level 2.7 Unarmed Combat
 + Level 5.7 Spellcasting
 + Level 2.2 Conjurations
 + Level 2.2 Hexes
 + Level 2.2 Charms
 + Level 2.2 Summonings
 + Level 7.5 Necromancy
 + Level 2.2 Translocations
 + Level 2.2 Transmutations
 + Level 2.2 Fire Magic
 + Level 2.2 Ice Magic
 + Level 2.2 Air Magic
 + Level 2.2 Earth Magic
 + Level 2.2 Poison Magic
 + Level 3.0 Invocations
 + Level 2.7 Evocations


You had 9 spell levels left.
You knew the following spells:

 Your Spells              Type           Power        Failure   Level  Hunger
a - Pain                  Necr           ####         1%          1    None
d - Vampiric Draining     Necr           ####......   1%          3    ##.....
n - Animate Skeleton      Necr           N/A          1%          1    None
r - Regeneration          Chrm/Necr      ###.......   5%          3    ##.....


Dungeon Overview and Level Annotations

Branches:
Dungeon (6/15)
 Temple: D:4-7

Altars:


Innate Abilities, Weirdness & Mutations

Your experience applies equally to all skills.
You have very sharp teeth.
Your uncanny sense of smell can sniff out nearby items.


Message History

J - a +0 dagger Wield which item (- for none, * to show all)? (? for menu, Esc to quit)
You are already wielding that!
Okay, then.
There is a stone staircase leading up here.
You climb upwards.
Your mindless thrall stays behind.
An adder comes into view.
The adder hisses angrily.
Found 14 gold pieces and a glowing long sword.
There is a stone staircase leading down here.
Casting: Animate Skeleton
Confirm with . or Enter, or press ? or * to list all spells.
Aiming: Pain
Press: ? - help, Shift-Dir - straight line, f - adder
Aim: an adder (chance to defeat MR: 89%)
The adder barely resists.
You puncture the adder! You freeze the adder.
You kill the adder!
An orc comes into view. It is wielding a flail.
The orc shouts!
You hear a shout!
Found 13 gold pieces.
An orc comes into view. It is wielding a whip.
The orc shouts!
You hear a shout!
You see here 13 gold pieces.
You now have 146 gold pieces (gained 13).
Casting: Pain
Confirm with . or Enter, or press ? or * to list all spells.
Aiming: Pain
Press: ? - help, Shift-Dir - straight line, f - orc
Aim: an orc, wielding a whip (chance to defeat MR: 93%)
The orc writhes in agony!
You puncture the orc! You freeze the orc.
You kill the orc!
You puncture the orc! You freeze the orc.
You kill the orc!
Items here: )) †† a flail; a whip; an orc corpse x2
Casting: Pain
Confirm with . or Enter, or press ? or * to list all spells.
You attempt to give life to the dead...
Before your eyes, flesh is ripped from the corpse!
The dead are walking!
Things that are here:
2 chunks of flesh; a whip; an orc corpse An orc wizard comes into view.
It is wielding a dagger.
The orc wizard shouts!
You hear a shout!
Found a ration.
You see here 14 gold pieces.
You now have 160 gold pieces (gained 14).
The orc wizard misses you.
A centaur comes into view.
The centaur shouts!
The centaur wields a shortbow.
The centaur shoots an arrow.
The arrow hits you.
You see here an arrow.
The centaur shoots an arrow.
The arrow hits you!
A sky beast comes into view.
You see here an arrow.
You see here a ration.
Casting: Animate Skeleton
Confirm with . or Enter, or press ? or * to list all spells.
Aiming: Pain
Press: ? - help, Shift-Dir - straight line, f - orc wizard
Aim: an orc wizard, wielding a dagger and wearing a robe (chance to defeat MR: 84%)
The orc wizard writhes in agony!
The centaur shoots an arrow.
The arrow hits you.
* * * LOW HITPOINT WARNING * * *
The orc wizard hits you with a dagger.
* * * LOW HITPOINT WARNING * * *
A worker ant comes into view.
The worker ant twitches its antennae in your direction.
Casting: Pain
Confirm with . or Enter, or press ? or * to list all spells.
Aiming: Pain
Press: ? - help, Shift-Dir - straight line, f/p - orc wizard
Aim: an orc wizard, wielding a dagger and wearing a robe (severely wounded, chance to defeat MR: 84%)
The orc wizard barely resists.
The orc wizard hits you but does no damage.
The centaur shoots an arrow.
You block the arrow.
The sky beast flickers out of sight!
Your orc skeleton misses the orc wizard.
Casting: Pain
Confirm with . or Enter, or press ? or * to list all spells.
Aiming: Pain
Press: ? - help, Shift-Dir - straight line, f/p - orc wizard
Aim: an orc wizard, wielding a dagger and wearing a robe (heavily wounded, chance to defeat MR: 84%)
The orc wizard writhes in agony!
The orc wizard points at you and mumbles some strange words.
The magic dart hits you!
* * * LOW HITPOINT WARNING * * *
Something barely misses you.
It was a potion of curing.
You feel better.
The centaur shoots an arrow.
The worker ant waves its antennae.
The orc wizard closely misses you.
Your orc skeleton barely misses the orc wizard.
Something hits you.
* * * LOW HITPOINT WARNING * * *
Something shocks you.
* * * LOW HITPOINT WARNING * * *
The centaur shoots an arrow.
The arrow hits you!
You die... #.. #.##### #..... #.... #... #ca

#(# #@# ... #o# ∆
.... #Z# .).. #.#
.....
##.#######...
###.....##...
#.......##.#######
#.........>.......
#.......##########


You could see a centaur, a worker ant, an orc wizard and a friendly orc
skeleton.

Vanquished Creatures
  Sigmund (D:2)
  An ice beast (D:5)
  2 ogres
  A centaur (D:5)
  A howler monkey (D:6)
  A centaur zombie (D:5)
  An orc wizard (D:3)
  2 iguanas (D:5)
  Ijyb (D:3)
  4 adders
  2 worms (D:2)
  A dart slug (D:2)
  A leopard gecko (D:1)
  11 orcs
  A ball python (D:4)
  7 bats
  4 giant cockroaches
  7 goblins
  6 hobgoblins
  2 frilled lizards (D:1)
  7 kobolds
  A rat (D:1)
65 creatures vanquished.

Vanquished Creatures (collateral kills)
  A crimson imp (D:5)
  A rat (D:2)
2 creatures vanquished.

Vanquished Creatures (others)
  An orc (D:3)
1 creature vanquished.

Grand Total: 68 creatures vanquished

Notes
Turn   | Place    | Note
-------+----------+-------------------------------------------
     0 | D:1      | tidbits the Gnoll Necromancer began the quest for the Orb.
     0 | D:1      | Reached XP level 1. HP: 13/13 MP: 6/6
   127 | D:1      | Reached XP level 2. HP: 16/19 MP: 5/7
   131 | D:1      | Learned a level 1 spell: Animate Skeleton
   282 | D:2      | Reached XP level 3. HP: 21/25 MP: 6/9
   295 | D:2      | Reached skill level 5 in Spellcasting
   329 | D:2      | Learned a level 3 spell: Vampiric Draining
   333 | D:2      | Learned a level 3 spell: Regeneration
   348 | D:2      | Noticed Sigmund
   400 | D:2      | Reached skill level 1 in Invocations
   496 | D:2      | Killed Sigmund
   496 | D:2      | Reached skill level 1 in Fighting
   496 | D:2      | Reached skill level 1 in Short Blades
   496 | D:2      | Reached skill level 1 in Long Blades
   496 | D:2      | Reached skill level 1 in Axes
   496 | D:2      | Reached skill level 1 in Maces & Flails
   496 | D:2      | Reached skill level 1 in Polearms
   496 | D:2      | Reached skill level 1 in Staves
   496 | D:2      | Reached skill level 1 in Slings
   496 | D:2      | Reached skill level 1 in Bows
   496 | D:2      | Reached skill level 1 in Crossbows
   496 | D:2      | Reached skill level 1 in Throwing
   496 | D:2      | Reached skill level 1 in Armour
   496 | D:2      | Reached skill level 1 in Shields
   496 | D:2      | Reached skill level 1 in Unarmed Combat
   496 | D:2      | Reached skill level 1 in Conjurations
   496 | D:2      | Reached skill level 1 in Hexes
   496 | D:2      | Reached skill level 1 in Charms
   496 | D:2      | Reached skill level 1 in Summonings
   496 | D:2      | Reached skill level 1 in Translocations
   496 | D:2      | Reached skill level 1 in Transmutations
   496 | D:2      | Reached skill level 1 in Fire Magic
   496 | D:2      | Reached skill level 1 in Ice Magic
   496 | D:2      | Reached skill level 1 in Air Magic
   496 | D:2      | Reached skill level 1 in Earth Magic
   496 | D:2      | Reached skill level 1 in Poison Magic
   496 | D:2      | Reached skill level 1 in Evocations
   496 | D:2      | Reached XP level 4. HP: 22/32 MP: 3/11
   496 | D:2      | Reached XP level 5. HP: 26/37 MP: 3/12
   632 | D:2      | Found a faded altar of an unknown god.
   707 | D:3      | Noticed Ijyb
   720 | D:3      | Killed Ijyb
   720 | D:3      | Reached XP level 6. HP: 11/44 MP: 5/13
   785 | D:3      | Reached skill level 2 in Invocations
  1001 | D:4      | Reached skill level 2 in Fighting
  1001 | D:4      | Reached skill level 2 in Short Blades
  1001 | D:4      | Reached skill level 2 in Long Blades
  1001 | D:4      | Reached skill level 2 in Axes
  1001 | D:4      | Reached skill level 2 in Maces & Flails
  1001 | D:4      | Reached skill level 2 in Polearms
  1001 | D:4      | Reached skill level 2 in Staves
  1001 | D:4      | Reached skill level 2 in Slings
  1001 | D:4      | Reached skill level 2 in Bows
  1001 | D:4      | Reached skill level 2 in Crossbows
  1001 | D:4      | Reached skill level 2 in Throwing
  1001 | D:4      | Reached skill level 2 in Armour
  1001 | D:4      | Reached skill level 5 in Dodging
  1001 | D:4      | Reached skill level 2 in Shields
  1001 | D:4      | Reached skill level 2 in Unarmed Combat
  1001 | D:4      | Reached skill level 2 in Evocations
  1052 | D:5      | Entered Level 5 of the Dungeon
  1071 | D:5      | Noticed an ice beast
  1103 | D:5      | Killed an ice beast
  1103 | D:5      | Reached XP level 7. HP: 30/50 MP: 15/15
  1126 | D:5      | HP: 5/50 [ogre/giant spiked club (15)]
  1127 | D:5      | Reached skill level 2 in Conjurations
  1127 | D:5      | Reached skill level 2 in Hexes
  1127 | D:5      | Reached skill level 2 in Charms
  1127 | D:5      | Reached skill level 2 in Summonings
  1127 | D:5      | Reached skill level 2 in Translocations
  1127 | D:5      | Reached skill level 2 in Transmutations
  1127 | D:5      | Reached skill level 2 in Fire Magic
  1127 | D:5      | Reached skill level 2 in Ice Magic
  1127 | D:5      | Reached skill level 2 in Air Magic
  1127 | D:5      | Reached skill level 2 in Earth Magic
  1127 | D:5      | Reached skill level 2 in Poison Magic
  1201 | D:5      | Reached skill level 5 in Stealth
  1278 | D:6      | Reached skill level 3 in Invocations
  1287 | D:6      | Got a transparent dagger
  1288 | D:6      | Identified the +12 dagger "Usaba" {freeze, Str+3} (You found it on level 6 of the Dungeon)
  1328 | D:5      | Shot with an arrow by a centaur

Vault maps used:
D:1:      onia_arrival_larder
D:2:      chequers_ecumenical_altar_island, uniq_sigmund
D:3:      lemuel_zombie_altar_kikubaaqudgha, uniq_ijyb, uniq_robin
D:4:      gammafunk_steamed_eel, first_ration
D:6:      minmay_temple_entry_poolview

Skill      XL: |  1  2  3  4  5  6  7 |
---------------+----------------------+-----
Spellcasting   | 5 |  5.7
Invocations    | 1 2 3 |  3.0
Fighting       | 1 2 |  2.7
Short Blades   | 1 2 |  2.7
Long Blades    | 1 2 |  2.7
Axes           | 1 2 |  2.7
Maces & Flails | 1 2 |  2.7
Polearms       | 1 2 |  2.7
Staves         | 1 2 |  2.7
Slings         | 1 2 |  2.7
Bows           | 1 2 |  2.7
Crossbows      | 1 2 |  2.7
Throwing       | 1 2 |  2.7
Armour         | 1 2 |  2.7
Shields        | 1 2 |  2.7
Unarmed Combat | 1 2 |  2.7
Conjurations   | 1 2 |  2.2
Hexes          | 1 2 |  2.2
Charms         | 1 2 |  2.2
Summonings     | 1 2 |  2.2
Translocations | 1 2 |  2.2
Transmutations | 1 2 |  2.2
Fire Magic     | 1 2 |  2.2
Ice Magic      | 1 2 |  2.2
Air Magic      | 1 2 |  2.2
Earth Magic    | 1 2 |  2.2
Poison Magic   | 1 2 |  2.2
Evocations     | 1 2 |  2.7
Dodging        | 5 |  5.3
Stealth        | 5 |  5.0
Necromancy     | |  7.5

Action                   |  1- 3 |  4- 6 |  7- 9 || total
-------------------------+-------+-------+-------++-------
Melee: Unarmed           |     2 |       |       ||     2
       Dagger            |     6 |     3 |     3 ||    12
       Long sword        |       |    31 |    30 ||    61
       Bite              |       |     1 |     3 ||     4
       Punch             |       |     1 |     1 ||     2
 Fire: Blowgun           |       |     2 |       ||     2
Throw: Stone             |       |     1 |       ||     1
 Cast: Pain              |    29 |    33 |     6 ||    68
       Vampiric Draining |     1 |     5 |     6 ||    12
       Animate Skeleton  |     1 |     1 |     2 ||     4
       Regeneration      |       |     2 |     2 ||     4
Evoke: Wand              |       |     3 |     5 ||     8
  Use: Scroll            |       |     2 |       ||     2
       Potion            |       |       |     2 ||     2
 Stab: Sleeping          |     5 |     2 |       ||     7
  Eat: Chunk             |       |       |     2 ||     2
Armor: Robe              |     4 |     5 |     2 ||    11
Dodge: Dodged            |    11 |    55 |    25 ||    91
Block: Buckler           |       |       |     5 ||     5
       Rpst.: Long sword |       |     8 |     8 ||    16

Table legend:
 A = Spawn XP
 B = Non-spawn XP
 C = Spawn XP percentage of total XP
 D = Spawn monster count
 E = Non-spawn monster count
 F = Spawn count percentage of total count
 G = Total turns spent on level
                    A         B        C        D         E        F      G
               +---------+---------+-------+---------+---------+-------+---------
         Total |       0 |    1108 |   0.0 |       0 |      67 |   0.0 |  1328
               +---------+---------+-------+---------+---------+-------+---------
           D:1 |       0 |      27 |   0.0 |       0 |      16 |   0.0 |   278
           D:2 |       0 |     260 |   0.0 |       0 |      11 |   0.0 |   376
           D:3 |       0 |     123 |   0.0 |       0 |      21 |   0.0 |   299
           D:4 |       0 |     133 |   0.0 |       0 |       8 |   0.0 |    99
           D:5 |       0 |     510 |   0.0 |       0 |      10 |   0.0 |   245
           D:6 |       0 |      55 |   0.0 |       0 |       1 |   0.0 |    31
               +---------+---------+-------+---------+---------+-------+---------

Table legend:
 A = Turns spent in this place as a percentage of turns spent in the entire game.
 B = Non-inter-level travel turns spent in this place as a percentage of non-inter-level travel turns spent in the entire game.
 C = Inter-level travel turns spent in this place as a percentage of turns spent in this place.
 D = Turns resting spent in this place as a percentage of non-inter-level travel turns spent in this place.
 E = Turns spent auto-exploring this place as a percentage of non-inter-level travel turns spent in this place.
 F = Non-inter-level travel turns spent in this place divided by the number of levels of this place that you've seen.
                   A       B       C       D       E      F
               +-------+-------+-------+-------+-------+----------------------
         Total | 100.0 | 100.0 |   3.2 |   0.0 |   0.0 | 214.2
       Dungeon | 100.0 | 100.0 |   3.2 |   0.0 |   0.0 | 214.2
               +-------+-------+-------+-------+-------+----------------------

Table legend:
 A = Kills in this place as a percentage of kills in entire the game.
 B = Kills by you in this place as a percentage of kills by you in the entire game.
 C = Kills by friends in this place as a percentage of kills by friends in the entire game.
 D = Other kills in this place as a percentage of other kills in the entire game.
 E = Experience gained in this place as a percentage of experience gained in the entire game.
 F = Experience gained in this place divided by the number of levels of this place that you have seen.
                   A       B       C       D       E      F
               +-------+-------+-------+-------+-------+----------------------
         Total | 100.0 | 100.0 | 100.0 |   N/A | 100.0 | 184.7
       Dungeon | 100.0 | 100.0 | 100.0 |   N/A | 100.0 | 184.7
               +-------+-------+-------+-------+-------+----------------------

Vault maps used:
D:1:      onia_arrival_larder
D:2:      chequers_ecumenical_altar_island, uniq_sigmund
D:3:      lemuel_zombie_altar_kikubaaqudgha, uniq_ijyb, uniq_robin
D:4:      gammafunk_steamed_eel, first_ration
D:6:      minmay_temple_entry_poolview
